 Dungeon Crawl Stone Soup version 0.29-a0-330-g52719c12eb (webtiles) character file.

Game seed: 6554695442594093303

8 Iscandelvey the Vexing (level 2, 19/21 HPs)
             Began as a Demonspawn Arcane Marksman on Apr 26, 2022.
             Quit the game on level 1 of the Dungeon.
             The game lasted 00:00:26 (345 turns).

Iscandelvey the Vexing (Demonspawn Arcane Marksman)  Turns: 345, Time: 00:00:27

Health: 19/21      AC:  2    Str: 10    XL:     2   Next: 0%
Magic:  1/3        EV: 12    Int: 14    God:
Gold:   58         SH:  0    Dex: 13    Spells: 2/3 levels left

rFire   . . .      SeeInvis .   a - +0 hunting sling
rCold   . . .      Faith    .   (no shield)
rNeg    . . .      Spirit   .   b - +0 robe
rPois   .          Reflect  .   (helmet restricted)
rElec   .          Harm     .   (no cloak)
rCorr   .          Rampage  .   (no gloves)
Will    .....                   (no boots)
Stlth   +.........              (no amulet)
HPRegen 0.07/turn               (no ring)
MPRegen 0.08/turn               (no ring)

@: no status effects
A: horns 1
a: no special abilities


You were on level 1 of the Dungeon.
You visited 1 branch of the dungeon, and saw 1 of its levels.

You collected 58 gold pieces.

Inventory:

Hand Weapons
 a - a +0 hunting sling (weapon)
Armour
 b - a +0 robe (worn)
Scrolls
 c - a scroll of vulnerability
 d - a scroll of fear {unknown}
 g - a scroll of enchant weapon {unknown}
 i - a scroll of amnesia {unknown}
 j - a scroll of blinking {unknown}
Potions
 e - a potion of cancellation {unknown}
 f - a potion of haste {unknown}
 h - 2 potions of mutation {unknown}


   Skills:
 + Level 1.2 Fighting
 + Level 1.9 Slings
 + Level 1.9 Dodging
 + Level 1.2 Spellcasting
 + Level 3.1 Hexes


You had 2 spell levels left.
You knew the following spells:

 Your Spells              Type           Power      Damage    Failure   Level
a - Slow                  Hex            36%        N/A       7%          1

Your spell library contained the following spells:

 Spells                   Type           Power      Damage    Failure   Level
 Confusing Touch          Hex            9%         N/A       22%         3
 Inner Flame              Hex/Fire       5%         N/A       38%         3
 Portal Projectile        Hex/Tloc       10%        N/A       38%         3
 Cause Fear               Hex            4%         N/A       56%         4
 Vampiric Draining        Necr           0%         2d6       61%         3


Dungeon Overview and Level Annotations

Branches:
Dungeon (1/15)

Altars:


Innate Abilities, Weirdness & Mutations

You have a pair of small horns on your head.


Message History

You are yanked towards some nearby monsters!
Your surroundings suddenly seem different.
A giant cockroach, a bat and a ball python come into view.
The ball python hisses angrily.
The bat closely misses you. The bat closely misses you.
Found 14 gold pieces.
The bat hits you. The bat barely misses you. The bat completely misses you.
The bat attacks as you move away! The bat closely misses you.
Found a scroll labelled FESEOW DOM YVE.
The bat completely misses you. The bat closely misses you.
The bat closely misses you.
Aiming: Slow (safe; 8% risk of failure)
Press: ? - help, Q - select action, (/) - cycle Shift-Dir - straight line, f - bat
Aim: a bat (chance to affect: 64%)
The bat seems to slow down.
The bat hits you but does no damage.
You shoot a sling bullet. The sling bullet misses the bat.
The sling bullet hits the giant cockroach but does no damage.
The bat hits you but does no damage. The bat barely misses you.
You shoot a sling bullet. The sling bullet barely misses the bat.
The sling bullet hits the giant cockroach.
The giant cockroach is severely wounded.
The bat misses you. The bat hits you but does no damage.
You shoot a sling bullet. The sling bullet misses the bat.
The sling bullet hits the giant cockroach.
The giant cockroach is almost dead.
The bat hits you but does no damage.
You shoot a sling bullet. The sling bullet hits the bat.
The bat is severely wounded.
The bat hits you but does no damage.
You shoot a sling bullet. The sling bullet barely misses the bat.
The sling bullet hits the giant cockroach.
You kill the giant cockroach!
The bat hits you.
You have reached level 2!
Your demonic ancestry asserts itself...
A pair of horns grows on your head!
Are you sure you want to abandon this character and quit the game? (Confirm with "yes".)

### #... ##...##
####### ....... ##...
.# ....... ... .###
.......## #.# ...
#......###.###.###...
#..........Sb@.$..?..
##.#...#############.
.............#
#.###.#...####.#
..... ##.## #.## ..
... #.. # ##.


You could see a bat (slow) and a ball python.

Vanquished Creatures
  An endoplasm (D:1)
  A giant cockroach (D:1)
  A hobgoblin (D:1)
  2 ball pythons (D:1)
  A bat (D:1)
  A kobold (D:1)
  2 rats (D:1)
9 creatures vanquished.

Notes
Turn   | Place    | Note
-------+----------+-------------------------------------------
     0 | D:1      | Iscandelvey the Demonspawn Arcane Marksman began the quest
                  | for the Orb.
     0 | D:1      | Reached XP level 1. HP: 15/15 MP: 2/2
   345 | D:1      | Gained mutation: You have a pair of small horns on your
                  | head. [demonic ancestry]
   345 | D:1      | Reached XP level 2. HP: 19/21 MP: 1/3
   345 | D:1      | Quit the game

Illustrated notes

Levels and vault maps discovered:
D:1:      lightli_arrival_quake, layout_loops_ring,
          hellmonk_ecumenical_altar_lost_god

Action                   || total
-------------------------++-------
 Fire: Hunting sling     ||    30
 Cast: Slow              ||     1
Armor: Robe              ||    12
Dodge: Dodged            ||    17

Table legend: (Time is in decaauts)
 A = Elapsed time spent in this place.
 B = Non-inter-level travel time spent in this place.
 C = Inter-level travel time spent in this place.
 D = Time resting spent in this place.
 E = Time spent auto-exploring this place.
 F = Levels seen in this place.
 G = Mean time per level.
                   A        B        C        D        E       F      G
               +--------+--------+--------+--------+--------+-----+--------+
         Total |    357 |    357 |      0 |      0 |    285 |   1 |  357.0 |
       Dungeon |    357 |    357 |      0 |      0 |    285 |   1 |  357.0 |
               +--------+--------+--------+--------+--------+-----+--------+

Top non-repeatable levels by time:
     D:1: 357 daAuts
